[Event "Team 45 45 League T87"]
[Site "Internet Chess Club"]
[Date "2021.02.05"]
[Round "5"]
[White "kidcobra"]
[Black "janh"]
[Result "0-1"]
[WhiteElo "1901"]
[BlackElo "1996"]
[Opening "Caro-Kann: Tartakower (Nimzovich) variation"]
[ECO "B15"]
[Time "22:19:08"]
[TimeControl "2700+45"]

1. e4 c6 2. d4 d5 3. Nc3 dxe4 4. Nxe4 Nf6 5. Nxf6+ exf6 6. Nf3 Bd6 7. h3 O-O 8.
Be2 Re8 9. Qd3 Nd7 10. Be3 Qa5+ 11. c3 Nf8 12. O-O Ng6 13. Qd2 Qc7 14. Bd3 Nf4
15. Bxf4 Bxf4 16. Qc2 g6 17. Rfe1 Be6 18. Re2 Re7 19. Rae1 Rae8 20. a3 Qa5 21.
Bc4 Bf5 22. Bd3 Bxd3 23. Qxd3 Rxe2 24. Rxe2 Rxe2 25. Qxe2 Qf5 26. g3 Bc1 27. g4
Qb1 28. Kg2 Qxb2 29. Qe8+ Kg7 30. g5 Bxg5 31. Nxg5 fxg5 32. Qe5+ Kh6 33. Qe7 Qb3
34. Qf8+ Kh5 35. Qg7 h6 36. Qe5 Qd5+ 37. Qxd5 cxd5 38. c4 g4 39. h4 Kxh4 40. f4
gxf3+ 41. Kxf3 Kg5 42. c5 Kf6 43. a4 Ke6 44. Kf4 f5 45. Kf3 g5 46. Kg3 h5 47.
Kf3 f4 48. Kf2 g4 49. Kg2 a5 50. Kf2 Kf5 51. Kg2 Ke4 52. c6 bxc6 53. Kf2 Kxd4
54. Kg2 Kc4 55. Kf2 h4 56. Kg2 d4 57. Kf2 d3 58. Ke1 h3 59. Kf1 g3 60. Ke1 Kc3
61. Kd1 h2 62. Ke1 h1=R# {White checkmated} 0-1

[Event "Team 45 45 League T87"]
[Site "Internet Chess Club"]
[Date "2021.02.05"]
[Round "5"]
[White "VictorRed"]
[Black "KidRattler"]
[Result "1/2-1/2"]
[WhiteElo "1683"]
[BlackElo "1784"]
[Opening "Queen's pawn game"]
[ECO "A46"]
[Time "22:25:57"]
[TimeControl "2700+45"]

1. d4 Nf6 2. Nf3 e6 3. g3 b6 4. Bg2 Bb7 5. O-O d5 6. Nc3 Nbd7 7. Bg5 Be7 8. Re1
O-O 9. Bf4 a6 10. Ne5 c5 11. Nxd7 Qxd7 12. Bg5 cxd4 13. Qxd4 h6 14. Bxf6 Bxf6
15. Qxb6 Rfc8 16. Qa5 Bxc3 17. bxc3 Qb5 18. Qa3 Qc5 19. Qxc5 Rxc5 20. Rab1 Bc6
21. Rb3 Ba4 22. Ra3 Bxc2 23. e4 Bxe4 24. Bxe4 dxe4 25. Rxe4 Kf8 26. Kf1 Ke7 27.
Rd4 a5 28. Ke2 Rac8 29. Kd3 e5 30. Rda4 Rd8+ 31. Ke3 Ra8 32. Rb3 Ra7 33. c4 Rac7
34. Kd3 f5 35. f3 g5 36. Rb6 Rd7+ 37. Ke3 Rd6 38. Rb5 Rdc6 39. Raxa5 f4+ 40. Kd3
Rxc4 41. Rxe5+ Kf6 42. gxf4 Rc3+ 43. Kd2 Rc2+ 44. Kd3 R6c3+ 45. Kd4 Rc4+ 46. Kd5
Rxf4 47. Ra6+ Kf7 48. Rxh6 Rxa2 49. Rc6 Rd2+ 50. Kc5 Rc2+ 51. Kb6 {Game drawn by
mutual agreement} 1/2-1/2

[Event "Team 45 45 League T87"]
[Site "Internet Chess Club"]
[Date "2021.02.04"]
[Round "5"]
[White "Kingsacrificed"]
[Black "Portola"]
[Result "0-1"]
[WhiteElo "1504"]
[BlackElo "1697"]
[Opening "French: exchange variation"]
[ECO "C01"]
[Time "17:30:28"]
[TimeControl "2700+45"]

1. e4 e6 2. d4 d5 3. exd5 exd5 4. Nf3 Nf6 5. Bf4 Be7 6. Bd3 O-O 7. O-O Bg4 8.
Nc3 c6 9. Be2 Bxf3 10. Bxf3 Nbd7 11. a3 Re8 12. Re1 Nf8 13. Qd2 Qd7 14. Rad1 Ne6
15. Bg3 h6 16. Qd3 Ng5 17. Kf1 b5 18. Re2 Nxf3 19. Qxf3 b4 20. axb4 Bxb4 21. h3
Bxc3 22. Qxc3 Rxe2 23. Kxe2 Ne4 24. Qd3 Re8 25. Kf1 Qf5 26. c3 Re6 27. Re1 Rg6
28. Bh4 Qd7 29. Rxe4 dxe4 30. Qxe4 Re6 31. Qd3 Qd5 32. f3 Qa5 33. Qd2 Qb5+ 34.
Kf2 Qc4 35. Bg3 a5 36. Bc7 a4 37. Bb6 Qb5 38. Bc5 Qb8 39. g3 Qb5 40. Qc2 Qc4 41.
Qd2 Qb3 42. Ba3 Qb5 43. Bc5 Qc4 44. Ba3 Qd5 45. Qd1 Qf5 46. Kg2 h5 47. h4 g5 48.
hxg5 Qxg5 49. Kf2 Rg6 50. Qxa4 Qxg3+ 51. Ke2 Re6+ 52. Kd3 Qxf3+ 53. Kc4 Qd5+ 54.
Kd3 Qf3+ 55. Kc4 Qd5+ 56. Kd3 Rg6 57. Qa8+ Kh7 58. Qc8 Qf3+ 59. Kc4 Qe2+ 60. Kc5
Qb5# {White checkmated} 0-1

[Event "Team 45 45 League T87"]
[Site "Internet Chess Club"]
[Date "2021.02.05"]
[Round "5"]
[White "howah45"]
[Black "Validus"]
[Result "0-1"]
[WhiteElo "1140"]
[BlackElo "1418"]
[Opening "Scandinavian (center counter) defense"]
[ECO "B01"]
[Time "14:07:37"]
[TimeControl "2700+45"]

1. e4 d5 2. exd5 Qxd5 3. Nc3 Qd8 4. Nf3 Nf6 5. Bc4 Bf5 6. d3 e6 7. Bg5 Be7 8.
O-O c6 9. Ne5 Nbd7 10. d4 O-O 11. Qf3 Nxe5 12. dxe5 Nd7 13. Bxe7 Qxe7 14. Bd3
Bxd3 15. Qxd3 Nxe5 16. Qd4 Qf6 17. Rfe1 Nf3+ 18. gxf3 Qxd4 19. Rad1 Qb6 20. b3
Rad8 21. Rc1 Rd2 22. Kh1 Qxf2 23. Re2 Qxf3+ 24. Kg1 Qxc3 {White resigns} 0-1

[Event "Team 45 45 League T87"]
[Site "Internet Chess Club"]
[Date "2021.02.06"]
[Round "5"]
[White "CPTsopiens"]
[Black "primerpaso"]
[Result "0-1"]
[WhiteElo "1708"]
[BlackElo "1838"]
[Opening "Sicilian: Najdorf, Opocensky variation"]
[ECO "B92"]
[Time "16:01:50"]
[TimeControl "2700+45"]

1. e4 c5 2. Nf3 d6 3. d4 cxd4 4. Nxd4 Nf6 5. Nc3 a6 6. Be2 e5 7. Nb3 Be6 8. Be3
Nbd7 9. O-O Be7 10. Qd2 b5 11. Bf3 Qc7 12. a4 b4 13. Nd5 Bxd5 14. exd5 a5 15.
Be2 O-O 16. Bb5 Ng4 17. Bc6 Nxe3 18. fxe3 Ra7 19. e4 h6 20. Rf3 Bg5 21. Qd3 Nf6
22. g3 Nh7 23. h4 Bd8 24. Rc1 Nf6 25. c3 bxc3 26. Rxc3 Qc8 27. Kg2 Qg4 28. Nd2
Nh5 29. Qe3 Rc7 30. Nc4 Bxh4 31. Nxd6 Bg5 32. Qb6 Bd8 33. Nf5 Nf4+ 34. Kf2 Nh3+
35. Kf1 Ng5 36. Rfe3 Nxe4 37. Rxe4 Qxf5+ 38. Kg1 Qxe4 39. d6 Qe1+ 40. Kh2 Qd2+
41. Kh3 Qxd6 42. Qb5 Bf6 43. Bd5 Qd7+ 44. Qxd7 Rxd7 45. Rc5 Rb8 46. Rxa5 Rxb2
47. Ra8+ Rd8 48. Ra5 g5 49. Bc4 Rd4 50. Bb5 g4# {White checkmated} 0-1

[Event "Team 45 45 League T87"]
[Site "Internet Chess Club"]
[Date "2021.02.07"]
[Round "5"]
[White "QuieroAprender"]
[Black "walkover"]
[Result "0-1"]
[WhiteElo "1703"]
[BlackElo "1686"]
[Opening "Réti opening"]
[ECO "A04"]
[Time "13:07:39"]
[TimeControl "2700+45"]

1. Nf3 c5 2. g3 Nf6 3. Bg2 d5 4. O-O Nc6 5. d4 e6 6. Re1 cxd4 7. Nxd4 Bc5 8.
Nxc6 bxc6 9. e4 Qb6 10. Qe2 Ba6 11. Qd2 Ng4 {White resigns} 0-1

[Event "Team 45 45 League T87"]
[Site "Internet Chess Club"]
[Date "2021.02.07"]
[Round "5"]
[White "zugknightly"]
[Black "ElValero"]
[Result "1-0"]
[WhiteElo "1880"]
[BlackElo "1632"]
[Opening "QGD: exchange, positional line"]
[ECO "D35"]
[Time "10:05:12"]
[TimeControl "2700+45"]

1. d4 Nf6 2. c4 e6 3. Nc3 d5 4. cxd5 exd5 5. Bg5 Nbd7 6. e3 c6 7. Qc2 Bb4 8. Bd3
Qa5 9. Ne2 Ne4 10. Bxe4 dxe4 11. Qxe4+ Kf8 12. Bf4 Nf6 13. Qc2 Bf5 14. Qc1 Nd5
15. O-O Nxf4 16. Nxf4 Bd6 17. e4 Bd7 18. a3 Re8 19. e5 Bb8 20. b4 Qd8 21. Qe3 f6
22. Qf3 Kg8 23. exf6 Qxf6 24. Nh5 Qxf3 25. gxf3 Kf7 26. Kg2 Be6 27. Rfe1 Bf5 28.
Ng3 Rxe1 29. Rxe1 Be6 30. Nge4 h6 31. Nc5 Re8 32. Re4 b6 33. Nd3 Rd8 34. Ne5+
Bxe5 35. dxe5 Rd3 36. Re3 Rd2 37. Ne4 Rd4 38. h4 a5 39. bxa5 bxa5 40. Kg3 Bd5
41. Nd6+ Ke6 42. f4 g6 43. f3 a4 44. Ne4 Kf5 45. Nd6+ Ke6 46. Nb7 Kf5 47. Nd6+
Ke6 48. h5 gxh5 49. f5+ Ke7 50. f6+ Kf8 51. Nf5 h4+ 52. Nxh4 Be6 53. f4 Rd1 54.
f5 Bd5 55. e6 Rf1 56. Ng6+ {Black resigns} 1-0

[Event "Team 45 45 League T87"]
[Site "Internet Chess Club"]
[Date "2021.02.06"]
[Round "5"]
[White "ARMAND02019"]
[Black "Beetlejuice"]
[Result "0-1"]
[WhiteElo "1627"]
[BlackElo "1668"]
[Opening "Dutch"]
[ECO "A80"]
[Time "15:02:35"]
[TimeControl "2700+45"]

1. d4 f5 2. Nf3 Nf6 3. g3 g6 4. Bg2 Bg7 5. O-O d6 6. Nc3 O-O 7. Re1 Ne4 8. Nxe4
fxe4 9. Ng5 d5 10. f4 Bg4 11. h3 Bf5 12. h4 Qd7 13. e3 h6 14. h5 hxg5 15. hxg6
Bxg6 16. g4 e6 17. b3 Nc6 18. Ba3 Rf7 19. Rf1 gxf4 20. exf4 Bxd4+ 21. Kh2 Bxa1
22. Qxa1 Rd8 23. Kg3 a5 24. Rh1 Rh7 25. Rf1 Re8 26. Bh3 Qg7 27. Bb2 Qh6 28. Rg1
{White resigns} 0-1

[Event "Team 45 45 League T87"]
[Site "Internet Chess Club"]
[Date "2021.02.06"]
[Round "5"]
[White "VictorRed"]
[Black "fishhead"]
[Result "0-1"]
[WhiteElo "1670"]
[BlackElo "1766"]
[Opening "Grünfeld: 5.e3"]
[ECO "D94"]
[Time "20:00:54"]
[TimeControl "2700+45"]

1. c4 Nf6 2. d4 g6 3. Nc3 d5 4. Nf3 Bg7 5. e3 O-O 6. b3 c5 7. Nxd5 Nxd5 8. cxd5
cxd4 9. exd4 Qxd5 10. Be3 Nc6 11. Bc4 Qa5+ 12. Bd2 Qc7 13. Bc3 Rd8 14. Qd2 Nxd4
15. Nxd4 Bxd4 16. O-O-O e5 17. Kb2 Bf5 18. Rc1 b5 19. Bxb5 Bxc3+ 20. Qxc3 Qxc3+
21. Kxc3 Rac8+ 22. Bc4 Rd3+ 23. Kb4 Rb8+ 24. Ka5 Rd2 25. b4 Rxf2 26. Rhe1 Re8
27. Re2 Rxe2 28. Bxe2 Be4 29. g3 Re7 30. b5 f5 31. Rc8+ Kg7 32. Bc4 f4 33. gxf4
exf4 34. Rg8+ Kf6 35. Rf8+ Ke5 36. Rf7 Rxf7 37. Bxf7 g5 38. Bc4 Kd4 39. Bf1 Kc5
40. Ka6 g4 41. Kxa7 h5 42. b6 h4 43. a4 Kb4 44. h3 g3 45. b7 Bxb7 46. Kxb7 f3
{White resigns} 0-1

[Event "Team 45 45 League T87"]
[Site "Internet Chess Club"]
[Date "2021.02.06"]
[Round "5"]
[White "bobhill"]
[Black "Portola"]
[Result "1/2-1/2"]
[WhiteElo "1818"]
[BlackElo "1703"]
[Opening "Queen's bishop game"]
[ECO "D02"]
[Time "17:00:32"]
[TimeControl "2700+45"]

1. d4 d5 2. Nf3 Nf6 3. Bf4 Bf5 4. c3 e6 5. Nbd2 c6 6. e3 h6 7. Ne5 Nbd7 8. Qb3
Qb6 9. h3 Be7 10. Be2 O-O 11. O-O Qxb3 12. axb3 Nxe5 13. Bxe5 Rfe8 14. b4 a6 15.
Nb3 Red8 16. Na5 Rd7 17. Rfc1 Rad8 18. Nb3 Rc8 19. Nc5 Bxc5 20. bxc5 Ne4 21. b4
Nd2 22. Ra2 Nc4 23. g4 Bg6 24. Bf4 Re8 25. h4 f6 26. h5 Bh7 27. Kg2 e5 28. Bg3
Rde7 29. Kh3 Be4 30. Rd1 Bh7 31. dxe5 fxe5 32. Bh4 Rf7 33. Rg1 Be4 34. g5 hxg5
35. Rxg5 Kh7 36. Rg3 Ref8 37. Bd1 Bf3 38. Bxf3 Rxf3 39. Re2 e4 40. Kg2 Ne5 41.
Rg5 R8f5 42. Re1 Rxg5+ 43. Bxg5 Rf5 44. Bf4 Rxh5 45. Kg3 Nd3 46. Kg4 g6 47. Re2
Rh1 48. Bg3 Rc1 49. Kg5 Rxc3 50. Kf6 Rb3 51. Rd2 Rb1 52. f3 Rh1 53. fxe4 dxe4
54. Ke6 Rf1 55. Rh2+ Kg7 56. Bh4 Rf5 57. Bd8 Re5+ 58. Kd6 Rf5 59. Ke6 Rf7 60.
Rh4 Nxb4 61. Rxe4 Nd5 62. Kd6 Nc3 63. Re5 Nb5+ 64. Ke6 Nc3 65. e4 Nb5 66. Rg5
Nc3 67. Re5 Rf4 68. Kd7 Nxe4 69. Kc8 Nc3 70. Kxb7 Rf5 71. Rxf5 gxf5 72. Kxc6 Ne4
73. Kd5 Nxc5 74. Kxc5 {Game drawn by mutual agreement} 1/2-1/2

[Event "Team 45 45 League T87"]
[Site "Internet Chess Club"]
[Date "2021.02.08"]
[Round "5"]
[White "Legal"]
[Black "janh"]
[Result "0-1"]
[WhiteElo "1855"]
[BlackElo "2006"]
[Opening "Caro-Kann: exchange variation"]
[ECO "B13"]
[Time "22:04:53"]
[TimeControl "2700+45"]

1. e4 c6 2. d4 d5 3. exd5 cxd5 4. c3 Nc6 5. Bd3 Nf6 6. Nf3 Bg4 7. h3 Bh5 8. Bf4
e6 9. Nbd2 Bd6 10. Bxd6 Qxd6 11. O-O O-O 12. Re1 Rfe8 13. Qc2 Rac8 14. a3 a6 15.
Rac1 b5 16. Qb1 Na5 17. Ne5 Nc4 18. Ndf3 Re7 19. g4 Bg6 20. Nxg6 hxg6 21. Ne5
Qb6 22. Re2 Nd7 23. Nxd7 Rxd7 24. Rce1 Re7 25. Qc1 Qd6 26. Qg5 Nb6 27. Kg2 Nd7
28. h4 Nf8 29. Qe3 Nd7 30. Qg5 Nf8 31. h5 f6 32. Qe3 gxh5 33. gxh5 Rce8 34. Bg6
Rb8 35. Rg1 Nxg6 36. hxg6 Kf8 37. Qh3 Ke8 38. Rge1 Rb6 39. Rh1 Kd7 40. Qg4 Rb8
41. Re3 a5 42. Reh3 b4 43. axb4 axb4 44. Ra1 Qc7 45. cxb4 Rxb4 46. Rc3 Qb6 47.
Rc5 Rc4 48. Rxd5+ Kc6 49. Rc5+ Qxc5 50. Qg3 Qg5 {White resigns} 0-1

[Event "Team 45 45 League T87"]
[Site "Internet Chess Club"]
[Date "2021.02.06"]
[Round "5"]
[White "achessman"]
[Black "The7thGuest"]
[Result "0-1"]
[WhiteElo "1878"]
[BlackElo "1878"]
[Opening "English: Neo-Catalan"]
[ECO "A13"]
[Time "10:07:52"]
[TimeControl "2700+45"]

1. Nf3 Nf6 2. c4 e6 3. g3 d5 4. b3 Be7 5. Bg2 O-O 6. O-O b6 7. Bb2 Bb7 8. e3
Nbd7 9. Qe2 c5 10. cxd5 Nxd5 11. Rd1 Bf6 12. d4 cxd4 13. Nxd4 a6 14. Nc3 Nxc3
15. Bxc3 Bxg2 16. Kxg2 Qc7 17. Rac1 Qb7+ 18. Qf3 Qxf3+ 19. Nxf3 Nc5 20. Bxf6
gxf6 21. Rd6 Rfb8 22. Nd4 Ne4 23. Rdc6 f5 24. Rc7 Rd8 25. Rb7 Rdb8 26. Rcc7 Rxb7
27. Rxb7 b5 28. Nc6 Nc3 29. a3 a5 30. Ne5 a4 31. b4 Nb1 32. Rxb5 Nxa3 33. Ra5
Rxa5 34. bxa5 Nb5 35. Nd3 a3 36. Nc1 e5 37. Kh3 f6 38. g4 fxg4+ 39. Kxg4 Kf7 40.
Kh5 Kg7 41. a6 Na7 42. Na2 Nb5 43. h3 Na7 44. h4 Nb5 45. Nc1 Na7 46. Na2 Nb5 47.
Nb4 Na7 48. f3 Nb5 49. Na2 Na7 50. Nc1 Nb5 51. Na2 Na7 52. Kg4 Kf7 53. Kf5 Nb5
54. Nb4 Nd6+ 55. Kg4 Nb5 56. Na2 Na7 57. f4 exf4 58. Kxf4 h5 59. Kf5 Nb5 60. Nc3
Nd6+ 61. Kf4 Nb5 62. Na2 Ke6 63. Ke4 f5+ 64. Kf4 Kf6 65. Nc1 Na7 66. Na2 Nb5 67.
Nb4 Na7 68. Nd5+ Ke6 69. Nb4 Kf6 70. Na2 Nb5 71. Nc3 Nxc3 72. a7 Nd5+ {White
resigns} 0-1

[Event "Team 45 45 League T87"]
[Site "Internet Chess Club"]
[Date "2021.02.07"]
[Round "5"]
[White "fileman"]
[Black "primerpaso"]
[Result "1-0"]
[WhiteElo "1842"]
[BlackElo "1821"]
[Opening "Sicilian: Canal-Sokolsky (Nimzovich-Rossolimo, Moscow) attack"]
[ECO "B51"]
[Time "15:01:36"]
[TimeControl "2700+45"]

1. e4 c5 2. Nf3 d6 3. Bb5+ Nc6 4. O-O Bd7 5. Re1 Nf6 6. c3 e6 7. d4 cxd4 8. cxd4
Be7 9. Nc3 a6 10. Bf1 Rc8 11. Bf4 O-O 12. h3 Na5 13. Rc1 b5 14. b3 Nb7 15. e5
Rxc3 16. exf6 Rxc1 17. fxe7 {Black resigns} 1-0

[Event "Team 45 45 League T87"]
[Site "Internet Chess Club"]
[Date "2021.02.06"]
[Round "5"]
[White "ElValero"]
[Black "DeepPoo"]
[Result "0-1"]
[WhiteElo "1639"]
[BlackElo "1700"]
[Opening "English: symmetrical, four knights system"]
[ECO "A30"]
[Time "14:01:45"]
[TimeControl "2700+45"]

1. Nf3 c5 2. c4 Nf6 3. Nc3 Nc6 4. d4 cxd4 5. Nxd4 e5 6. Ndb5 d6 7. Bg5 a6 8. Na3
Be7 9. Bxf6 Bxf6 10. e3 O-O 11. Qd2 Bf5 12. Rd1 Qa5 13. Nd5 Qxd2+ 14. Rxd2 Rfd8
15. Be2 Rac8 16. O-O Kf8 17. Rfd1 Be7 18. Nb1 Be6 19. Nbc3 f5 20. Nxe7 Kxe7 21.
Nd5+ Bxd5 22. cxd5 Nb8 23. g4 g6 24. f3 Nd7 25. Bd3 fxg4 26. fxg4 Nf6 27. Be2
Ne4 28. Rd3 Rc2 29. Bf3 Ng5 30. Bg2 Rdc8 31. R1d2 Rc1+ 32. Kf2 R1c2 33. Ke2 Kf6
34. Rxc2 Rxc2+ 35. Rd2 Rc4 36. h3 h6 37. Kd3 b5 38. Rc2 e4+ 39. Kd2 Rxc2+ 40.
Kxc2 Ke5 41. Kc3 a5 42. a4 b4+ 43. Kc4 Nf3 44. Kb5 Kxd5 45. Kxa5 Kc5 46. Ka6 Kc6
47. Ka7 d5 48. Bf1 Nd2 49. Ba6 Nc4 50. Bb7+ Kc5 51. Kb8 Nxb2 52. a5 Nc4 53. a6
b3 54. a7 Nb6 {White resigns} 0-1

[Event "Team 45 45 League T87"]
[Site "Internet Chess Club"]
[Date "2021.02.06"]
[Round "5"]
[White "LuFran"]
[Black "Redman1"]
[Result "1-0"]
[WhiteElo "1785"]
[BlackElo "1565"]
[Opening "QGD semi-Slav"]
[ECO "D43"]
[Time "11:00:29"]
[TimeControl "2700+45"]

1. Nf3 Nf6 2. c4 e6 3. Nc3 d5 4. d4 c6 5. Bg5 h6 6. Bh4 dxc4 7. e4 g5 8. Bg3 b5
9. Be2 a6 10. Qc2 Nbd7 11. Rd1 Bb7 12. O-O Be7 13. Ne5 O-O 14. f4 c5 15. d5 exd5
16. Nxd5 Nxd5 17. exd5 Bf6 18. d6 Re8 19. Bg4 Nxe5 20. fxe5 Bxe5 21. Bxe5 Rxe5
22. Qc3 Qe8 23. Bh5 Bd5 24. d7 Qe7 25. Rxd5 Rxd5 26. Bxf7+ Qxf7 27. Rxf7 Kxf7
28. Qf3+ Ke6 29. Qe4+ Kd6 30. Qe8 Rxe8 31. dxe8=Q Rd1+ 32. Kf2 Rd2+ 33. Ke1 Rxb2
34. Qg6+ Kd5 35. Qf5+ Kc6 36. Qf6+ {Black resigns} 1-0

[Event "Team 45 45 League T87"]
[Site "Internet Chess Club"]
[Date "2021.02.07"]
[Round "5"]
[White "Chess4Him"]
[Black "andrew37"]
[Result "0-1"]
[WhiteElo "1559"]
[BlackElo "1682"]
[Opening "Queen's pawn: London system"]
[ECO "A45"]
[Time "16:00:28"]
[TimeControl "2700+45"]

1. d4 Nf6 2. Bf4 c5 3. d5 Qb6 4. Nc3 d6 5. e4 g6 6. Rb1 Bg7 7. Bd2 O-O 8. f4 e6
9. dxe6 Bxe6 10. Nf3 Nc6 11. Be3 Ng4 12. Qd2 Nxe3 13. Qxe3 Rfe8 14. Be2 d5 15.
Qd2 dxe4 16. Ng5 e3 17. Qc1 Nd4 18. Nxe6 Rxe6 19. Nd5 Qd8 20. c4 Qa5+ 21. b4
cxb4 22. Nxb4 Rd8 23. Bd1 e2 24. Bc2 Nxc2+ 25. Qxc2 Rd1+ 26. Rxd1 exd1=Q+ 27.
Kxd1 Qxb4 {White resigns} 0-1

[Event "Team 45 45 League T87"]
[Site "Internet Chess Club"]
[Date "2021.02.06"]
[Round "5"]
[White "goldeen7"]
[Black "Lawkeito"]
[Result "0-1"]
[WhiteElo "1305"]
[BlackElo "1614"]
[Opening "Ruy Lopez: closed, 7...O-O"]
[ECO "C88"]
[Time "15:00:35"]
[TimeControl "2700+45"]

1. e4 e5 2. Nf3 Nc6 3. Bb5 a6 4. Ba4 Nf6 5. O-O b5 6. Bb3 Be7 7. Re1 O-O 8. d3
d6 9. h3 Na5 10. c3 Nxb3 11. axb3 c5 12. Nbd2 Qc7 13. c4 Bb7 14. Nf1 Rfe8 15.
Ne3 g6 16. Bd2 Bf8 17. Qc2 Bg7 18. Bc3 b4 19. Bd2 Ra7 20. Ra2 a5 21. Rea1 Rea8
22. Ng5 Bc6 23. Nf3 Qd7 24. Nd5 Nxd5 25. exd5 Bb7 26. Be3 Bc8 27. Nd2 Qe7 28.
Nf3 Bd7 29. Nd2 f5 30. Nf3 f4 31. Bd2 Bf5 32. Bc1 e4 33. dxe4 Bxe4 34. Qe2 g5
35. Kf1 Re8 36. Rxa5 Rxa5 37. Rxa5 Qd8 38. Ra6 Bxd5 39. Qd1 Bxf3 40. gxf3 Be5
41. Qd5+ Kh8 42. Ra7 Qf6 43. Qb7 Qg6 44. Qf7 Qxf7 45. Rxf7 Ra8 46. Ke1 Kg8 47.
Rd7 Rf8 48. Kf1 Rf7 49. Rxf7 Kxf7 50. Ke2 Kg6 51. Kf1 Kh5 52. Kg2 Kh4 53. Kh2
Bd4 54. Kg2 Kh5 55. Kf1 h6 56. Kg1 Kg6 57. Kf1 Kf5 58. Ke2 Ke5 59. Ke1 d5 60.
cxd5 Kxd5 61. Ke2 c4 62. bxc4+ Kxc4 63. Ke1 Kb3 64. Bd2 Bxb2 65. Bxb4 Kxb4 66.
Kd2 Kc4 67. Ke2 Bc3 68. Kf1 Kd3 69. Kg2 Ke2 70. Kg1 Bd4 71. Kg2 Bxf2 72. Kh2
Kxf3 73. Kh1 Ke2 74. Kg2 Bh4 75. Kg1 f3 76. Kh2 f2 77. Kg2 f1=Q+ 78. Kh2 Bg3+
{White resigns} 0-1

[Event "Team 45 45 League T87"]
[Site "Internet Chess Club"]
[Date "2021.02.06"]
[Round "5"]
[White "smsxman"]
[Black "Fulmar"]
[Result "1-0"]
[WhiteElo "1349"]
[BlackElo "1210"]
[Opening "Four knights: Spanish, classical defense"]
[ECO "C48"]
[Time "10:59:30"]
[TimeControl "2700+45"]

1. e4 e5 2. Nc3 Nc6 3. Nf3 Nf6 4. Bb5 Bc5 5. O-O O-O 6. Bxc6 dxc6 7. Nxe5 Re8 8.
Nf3 Nxe4 9. Nxe4 Rxe4 10. d3 Re8 11. d4 Bb6 12. c3 Bg4 13. Qd3 Bxf3 14. Qxf3 Qd5
15. Qg3 Re6 16. Be3 Rae8 17. a3 Rg6 18. Qh3 Rge6 19. g3 Qb3 20. Rab1 a5 21. Qg4
Ba7 22. Qd1 Qxd1 23. Rbxd1 Rd6 24. c4 Re4 25. c5 Rd5 26. Kg2 f5 27. b4 a4 28.
Rfe1 b6 29. Kf1 bxc5 30. bxc5 h6 31. Rb1 Re8 32. Rb7 Bb8 33. Reb1 Rdd8 34. R1b4
g5 35. Rxa4 Kf7 36. Rab4 Ke6 37. a4 Kd5 38. a5 Ke4 39. a6 Kf3 40. Rb3 Ke4 41. a7
Bxa7 42. Rxa7 Re7 43. Kg2 g4 44. Ra4 h5 45. Bf4 Red7 46. Be5 Re8 47. Bf6 f4 48.
Be5 f3+ 49. Kf1 Rxe5 50. Re3+ Kf5 51. Rxe5+ Kf6 52. Rxh5 Kg6 53. Re5 Kf6 54. Ke1
Rd8 55. Kd2 Rb8 56. Kc3 Kf7 57. Rg5 Ke6 58. Rxg4 Kd5 59. Ra7 Rb1 60. Ra2 Rc1+
61. Rc2 {Black resigns} 1-0

[Event "Team 45 45 League T87"]
[Site "Internet Chess Club"]
[Date "2021.02.04"]
[Round "5"]
[White "Timmah4651"]
[Black "Signofthetimes"]
[Result "1-0"]
[WhiteElo "1605"]
[BlackElo "1563"]
[Opening "Caro-Kann: advance variation"]
[ECO "B12"]
[Time "22:00:20"]
[TimeControl "2700+45"]

1. e4 c6 2. d4 d5 3. e5 Bf5 4. Nf3 e6 5. Be2 Qb6 6. c3 c5 7. O-O Nc6 8. dxc5
Bxc5 9. b4 Be7 10. Qa4 f6 11. Be3 Qc7 12. Bb5 a6 13. Nd4 Rc8 14. Bxc6+ bxc6 15.
Nxf5 exf5 16. exf6 Nxf6 17. Qxa6 O-O 18. Nd2 Ng4 19. Nf3 Bf6 20. Bd4 Bxd4 21.
cxd4 Rfe8 22. h3 Nf6 23. Ne5 Nd7 24. Nxd7 Qxd7 25. Rfe1 Ra8 26. Rxe8+ Qxe8 27.
Qd3 Qe4 28. Qxe4 dxe4 29. a3 Kf7 30. Kf1 Ke6 31. Ke2 Kd5 32. Ke3 g5 33. f4 exf3
34. gxf3 h5 35. Ra2 Ra6 36. Kd3 Ra8 37. a4 Rg8 38. Re2 f4 39. Re5+ Kd6 40. a5
Rg7 41. a6 Kc7 42. d5 Kb6 43. dxc6 Kxa6 44. b5+ Kb6 45. Ke4 Kc7 46. Kd5 g4 47.
fxg4 hxg4 48. hxg4 Rxg4 49. Ke4 Kd6 50. Rf5 Rg8 51. Kxf4 Rb8 52. Ke4 Kc7 53. Kd4
Kb6 54. Rf7 Rd8+ 55. Kc4 Ra8 56. Rb7+ Ka5 57. b6 Ka6 58. Kc5 {Black resigns} 1-0

[Event "Team 45 45 League T87"]
[Site "Internet Chess Club"]
[Date "2021.02.06"]
[Round "5"]
[White "scostanzo212"]
[Black "Grenadier"]
[Result "1-0"]
[WhiteElo "1575"]
[BlackElo "1538"]
[Opening "Queen's pawn game"]
[ECO "E20"]
[Time "10:00:25"]
[TimeControl "2700+45"]

1. d4 Nf6 2. c4 e6 3. Nc3 g6 4. Nf3 b6 5. Bg5 Be7 6. Bh6 Bb7 7. e3 d5 8. cxd5
Nxd5 9. Bb5+ c6 10. Be2 Nd7 11. O-O c5 12. Qa4 a6 13. Ne5 b5 14. Nxb5 axb5 15.
Qxb5 Ba6 16. Qc6 Bxe2 17. Nxd7 Qxd7 18. Qxa8+ Qd8 19. Qxd8+ Bxd8 20. Rfe1 Bd3
21. dxc5 f5 22. Bg7 Rg8 23. Be5 Bf6 24. Bxf6 Nxf6 25. Red1 Bc4 26. Rd4 Bd5 27.
b4 Ke7 28. a4 Ne4 29. Rc1 Rc8 30. f3 Ng5 31. b5 Nf7 32. e4 Ba8 33. c6 Ne5 34. f4
Nxc6 35. bxc6 fxe4 36. Rd7+ Kf6 37. c7 e5 38. fxe5+ Ke6 39. Rd8 Bb7 40. Rxc8
Bxc8 41. Rc5 Kd7 42. Kf2 Bb7 43. c8=Q+ Bxc8 44. Rxc8 Kxc8 45. Ke3 {Black
resigns} 1-0

[Event "Team 45 45 League T87"]
[Site "Internet Chess Club"]
[Date "2021.02.04"]
[Round "5"]
[White "GoIrish"]
[Black "Kingofknights"]
[Result "1-0"]
[WhiteElo "1540"]
[BlackElo "1539"]
[Opening "Réti: King's Indian attack"]
[ECO "A08"]
[Time "16:30:21"]
[TimeControl "2700+45"]

1. Nf3 d5 2. g3 c5 3. Bg2 Nc6 4. O-O e5 5. d3 Nf6 6. e4 d4 7. a4 Be7 8. Na3 Qc7
9. Nc4 Be6 10. Ne1 O-O 11. f4 Bxc4 12. dxc4 Nd7 13. Nd3 f6 14. f5 Nb4 15. Rf2
Nb6 16. b3 Nc8 17. Qg4 Nd6 18. h4 Rf7 19. Qh3 Kf8 20. g4 Ke8 21. g5 Nxd3 22.
cxd3 Kd7 23. g6 hxg6 24. fxg6+ {Black resigns} 1-0

[Event "Team 45 45 League T87"]
[Site "Internet Chess Club"]
[Date "2021.02.06"]
[Round "5"]
[White "fireball"]
[Black "julesraider"]
[Result "0-1"]
[WhiteElo "1468"]
[BlackElo "1583"]
[Opening "Caro-Kann: classical, 6.h4"]
[ECO "B18"]
[Time "20:02:50"]
[TimeControl "2700+45"]

1. e4 c6 2. d4 d5 3. Nc3 dxe4 4. Nxe4 Bf5 5. Ng3 Bg6 6. h4 h6 7. h5 Bh7 8. Nf3
e6 9. Bd3 Bxd3 10. Qxd3 Nd7 11. Bd2 Ngf6 12. O-O-O Be7 13. Rhe1 Qc7 14. Ne5 Nxe5
15. dxe5 Nd7 16. f4 O-O-O 17. Qc4 Nb6 18. Qb3 Rd5 19. a4 Rhd8 20. Ne4 Qd7 21. a5
Rb5 22. Qa2 Rd5 23. axb6 axb6 24. c4 Rd3 25. Qa4 Qd4 26. Bc3 Rxd1+ 27. Rxd1 Qxe4
28. g3 Rxd1+ 29. Qxd1 Qxc4 30. Kb1 Qe4+ 31. Ka1 Bc5 32. Be1 Qh1 33. Qe2 Bb4
{White resigns} 0-1